 Dungeon Crawl Stone Soup version 0.18-a0-1774-gce1f7b6 (webtiles) character file.

89 epen the Slasher (level 4, 0/39 HPs)
             Began as a Naga Gladiator on Apr 15, 2016.
             Slain by epen's ghost (10 damage)
             ... on level 3 of the Dungeon.
             The game lasted 00:04:08 (2082 turns).

epen the Slasher (Naga Gladiator)                   Turns: 2082, Time: 00:04:09

Health: 0/39       AC:  8    Str: 19    XL:     4   Next: 55%
Magic:  4/4        EV:  6    Int:  8    God:
Gold:   151        SH:  0    Dex: 14    Spells: 0 memorised, 3 levels left

rFire  . . .     SeeInvis +     a - +0 long sword
rCold  . . .     Gourm    .     b - +0 leather armour
rNeg   . . .     Faith    .     (no shield)
rPois  +         Spirit   .     c - +0 helmet
rElec  .         Dismiss  .     u - +0 cloak
rCorr  .         Reflect  .     r - +0 pair of gloves
SustAt .         Harm     .     (no barding)
MR     .....                    (no amulet)
Stlth  ++........               s - +3 ring of dexterity
                                m - +3 ring of protection

@: very slow, not resistant to hostile enchantments, unstealthy
A: see invisible, deformed body, poison resistance, slowness 2, slow metabolism
1, spit poison 2, AC +1
a: Spit Poison


You were on level 3 of the Dungeon.
You were hungry.

You visited 1 branch of the dungeon, and saw 3 of its levels.

You collected 151 gold pieces.

Inventory:

Hand Weapons
 a - a +0 long sword (weapon)
Missiles
 d - 4 throwing nets (quivered)
Armour
 b - a +0 leather armour (worn)
 c - a +0 helmet (worn)
 r - a +0 pair of gloves (worn)
 u - a +0 cloak (worn)
Jewellery
 m - a +3 ring of protection (left hand)
 s - a +3 ring of dexterity (right hand)
Scrolls
 j - a scroll of enchant weapon {unknown}
 k - 3 scrolls of random uselessness {unknown}
 n - a scroll of amnesia {unknown}
 q - 2 scrolls of noise {unknown}
 t - 2 scrolls of magic mapping {unknown}
 w - a scroll of identify {unknown}
 x - a scroll of recharging {unknown}
 y - a scroll of blinking {unknown}
Potions
 e - 2 potions of mutation {unknown}
 i - 2 potions of flight {unknown}
 o - a potion of resistance {unknown}
 p - a potion of curing {unknown}
 v - a potion of might {unknown}
Comestibles
 f - a bread ration
 g - a beef jerky
 h - a meat ration
 l - 2 fruits


   Skills:
 - Level 2.0 Fighting
 * Level 4.0 Long Blades
 - Level 1.7 Throwing
 * Level 3.3 Dodging
 + Level 2.2 Stealth


You had 3 spell levels left.
You didn't know any spells.

Dungeon Overview and Level Annotations

Branches:
Dungeon (3/15)

Altars:

Annotations:
D:3 epen's ghost, amateur NaGl


Innate Abilities, Weirdness & Mutations

You cannot wear boots.
Your serpentine skin is tough (AC +1).
You have supernaturally acute eyesight.
Armour fits poorly on your strangely shaped body.
Your system is resistant to poisons.
You cover ground very slowly.
You have a slow metabolism.
You can spit poison.


Message History

Epen's ghost hits you.
You hit epen's ghost.
Epen's ghost is lightly damaged.
Epen's ghost barely misses you.
You closely miss epen's ghost.
Epen's ghost is lightly damaged.
Epen's ghost screams, "Zot is a myth, the ORB is a fable, you'll soon be a tale!"
Epen's ghost barely misses you. Epen's ghost hits you.
You hit epen's ghost.
Epen's ghost is moderately damaged.
Epen's ghost hits you.
You slash epen's ghost!
Epen's ghost is heavily damaged.
Epen's ghost closely misses you.
You hit epen's ghost.
Epen's ghost is heavily damaged.
Epen's ghost hits you!
* * * LOW HITPOINT WARNING * * *
Epen's ghost hits you!
You die...

.#########
..........#
..######.########
................#
.>....#.####.###
............#.###
#.####.#.......@#
..............W.#
###.###.#####.###
#............# .#
#..##.#####..# .#
#.........#..# .#
#............# .#
##.#..######.# .#
#.#.........#


You could see epen's ghost.

Vanquished Creatures
  3 adders
  4 worms
  2 giant geckos
  2 giant cockroaches (D:2)
  4 goblins
  7 hobgoblins
  6 ball pythons
  6 bats
  A giant gecko skeleton (D:3)
  6 giant newts
  4 kobolds
  8 rats
53 creatures vanquished.

Notes
Turn   | Place    | Note
--------------------------------------------------------------
     0 | D:1      | epen the Naga Gladiator began the quest for the Orb.
     0 | D:1      | Reached XP level 1. HP: 19/19 MP: 1/1
   341 | D:1      | Reached XP level 2. HP: 26/26 MP: 2/2
   375 | D:1      | Reached skill level 1 in Stealth
   986 | D:1      | Reached XP level 3. HP: 27/32 MP: 3/3
  1503 | D:2      | Reached XP level 4. HP: 29/39 MP: 4/4
  1928 | D:3      | Reached skill level 4 in Long Blades
  1976 | D:3      | Noticed epen's ghost (amateur NaGl)
  2082 | D:3      | Slain by epen's ghost

Vault maps used:
D:1:      saegor_arrival_miasma, columned_hall_lemuel
D:3:      first_bread, uniq_jessica

Skill      XL: |  1  2  3  4 |
---------------+-------------+-----
Stealth        | 2 |  2.2
Dodging        | 3 |  3.3
Long Blades    | 4 |  4.0
Fighting       | |  2.0
Throwing       | |  1.7

Action                   |  1- 3 |  4- 6 || total
-------------------------+-------+-------++-------
Melee: Long sword        |   105 |    36 ||   141
 Abil: Spit Poison       |     3 |       ||     3
 Stab: Sleeping          |     1 |     3 ||     4
  Eat: Chunk             |     1 |     1 ||     2
Armor: Leather armour    |    46 |    15 ||    61
Dodge: Dodged            |    42 |    16 ||    58
